 Dungeon Crawl Stone Soup version 0.21-a0-2-ge494091 (webtiles) character file.

1488 JeffiDaFish the Cudgeler (level 8, -4/51 HPs)
             Began as a Gargoyle Fighter on May 22, 2017.
             Was a Follower of Okawaru.
             Slain by an ogre
             ... wielding a +0 giant club
              (16 damage)
             ... on level 5 of the Dungeon.
             The game lasted 00:10:25 (4334 turns).

JeffiDaFish the Cudgeler (Gargoyle Fighter)         Turns: 4334, Time: 00:10:26

Health: -4/51      AC: 15    Str: 23    XL:     8   Next: 80%
Magic:  8/8        EV:  7    Int:  9    God:    Okawaru [*.....]
Gold:   171        SH: 11    Dex: 11    Spells: 7/7 levels left

rFire    . . .     SeeInvis .   l - +0 morningstar
rCold    . . .     Gourm    .   c - +1 shield
rNeg     + . .     Faith    .   e - +0 chain mail
rPois    ∞         Spirit   .   (no helmet)
rElec    +         Reflect  .   (no cloak)
rCorr    .         Harm     .   (no gloves)
MR       .....                  (no boots)
Stlth    ..........             (no amulet)
Regen    0.2/turn               b - +3 ring of strength
MPRegen  0.2/turn               g - ring of loudness (curse)

@: no status effects
A: negative energy resistance 1, electricity resistance, unbreathing,
petrification resistance, rot immunity, AC +5
a: Heroism, Renounce Religion


You were on level 5 of the Dungeon.
You worshipped Okawaru.
Okawaru was aware of your devotion.
You were hungry.

You visited 2 branches of the dungeon, and saw 6 of its levels.
You also visited: Sewer.

You collected 171 gold pieces.

Inventory:

Hand Weapons
 l - a +0 morningstar (weapon)
 r - a +2 whip of freezing
Armour
 c - a +1 shield (worn)
 e - a +0 chain mail (worn)
Jewellery
 b - a +3 ring of strength (left hand)
 g - a cursed ring of loudness (right hand)
Scrolls
 j - 7 scrolls of teleportation
 n - 3 scrolls of fear
 p - 2 scrolls of magic mapping
 s - a scroll of remove curse
Potions
 d - a potion of might
 k - 2 potions of agility
 m - a potion of ambrosia
Comestibles
 a - 9 chunks of flesh
 f - 4 bread rations
 h - 2 royal jellies
 i - a meat ration
 q - 4 fruits


   Skills:
 + Level 5.7 Fighting
 + Level 7.1 Maces & Flails
 + Level 5.2 Armour
 + Level 2.2 Dodging
 + Level 1.2 Stealth
 + Level 6.0 Shields


You had 7 spell levels left.
You didn't know any spells.

Dungeon Overview and Level Annotations

Branches:
Dungeon (5/15)             Temple (1/1) D:4

Altars:
Ashenzari
Cheibriados
Dithmenos
Fedhas
Gozag
Hepliaklqana
Kikubaaqudgha
Makhleb
Nemelex Xobeh
Okawaru
Qazlal
Ru
Sif Muna
Trog
Uskayaw
Vehumet
Wu Jian
Xom
Yredelemnul
Zin
The Shining One


Innate Abilities, Weirdness & Mutations

You are resistant to torment.
Your stone body is resilient. (AC +5)
You are immune to poison.
You resist negative energy. (rN+)
You are resistant to electric shocks. (rElec)
You can survive without breathing.
You are immune to petrification.
You are immune to rotting.


Message History

You are feeling hungry.
The adder barely misses you. You block the adder's attack.
You closely miss the adder.
The adder is almost dead.
The adder barely misses you.
You closely miss the adder.
The adder is almost dead.
You block the adder's attack. The adder bites you but does no damage.
You barely miss the adder.
The adder is almost dead.
You block the adder's attack. x2
You closely miss the adder.
The adder is almost dead.
The adder barely misses you.
You sock the adder!
You kill the adder!
Okawaru accepts your kill.
You can now gain great but temporary skills.
The ogre hits you with a giant club!
You die...

.######..##..####.#
##.##..# #÷# #..#..# #.#
##.#..####.###
#.#.........#
#.##..#.#.#.#####
#.##..#.#.#.#...#
#.##..#.#.#.#...##
#@##..#.#.#.'.....
#O##..#.#.#.#...##
#.##..#.#.........
.######..#..#.###.......
............#.##......##
.#..........#.##......#
..# #.##....#..#
#......# .. #.##....#.##
#......# ..
...#.##....#.# ##.###.##


You could see an ogre.

Vanquished Creatures
  Pikel (D:4)
  A hippogriff (D:5)
  Purgy (Sewer)
  A necrophage (D:5)
  A water moccasin skeleton (D:5)
  2 howler monkeys (D:5)
  A crimson imp (D:4)
  2 hounds
  An orc wizard (D:5)
  3 orc priests
  An iguana (D:5)
  2 worker ants
  Terence (D:2)
  4 gnolls (D:4)
  10 adders
  A river rat (D:3)
  An ooze (D:4)
  An adder skeleton (D:4)
  4 worms
  A dart slug (D:4)
  3 leopard geckos
  15 orcs
  3 giant cockroaches
  9 goblins
  11 hobgoblins
  2 jackals (D:1)
  8 kobolds
  2 quokkas (D:2)
  3 ball pythons (Sewer)
  10 bats
  9 frilled lizards
  10 rats
125 creatures vanquished.

Notes
Turn   | Place    | Note
-------+----------+-------------------------------------------
     0 | D:1      | JeffiDaFish the Gargoyle Fighter began the quest for the Orb.
     0 | D:1      | Reached XP level 1. HP: 14/14 MP: 1/1
   446 | D:1      | Reached XP level 2. HP: 18/19 MP: 2/2
  1049 | D:2      | Reached XP level 3. HP: 22/23 MP: 3/3
  1388 | D:2      | Noticed Terence
  1399 | D:2      | Killed Terence
  1399 | D:2      | Reached XP level 4. HP: 27/29 MP: 4/4
  2059 | D:3      | Reached skill level 1 in Dodging
  2066 | D:3      | Reached skill level 3 in Maces & Flails
  2066 | D:3      | Reached XP level 5. HP: 31/33 MP: 5/5
  2074 | D:3      | Found a glowing drain.
  2078 | Sewer    | Entered a sewer
  2203 | Sewer    | Noticed Purgy
  2207 | Sewer    | Killed Purgy
  2207 | Sewer    | Reached XP level 6. HP: 27/38 MP: 6/6
  2709 | D:4      | Reached skill level 4 in Maces & Flails
  3138 | D:4      | Reached XP level 7. HP: 31/44 MP: 7/7
  3156 | D:4      | Reached skill level 5 in Shields
  3298 | D:4      | Noticed Pikel
  3298 | D:4      | Found a staircase to the Ecumenical Temple.
  3352 | D:4      | Killed Pikel
  3352 | D:4      | Reached skill level 5 in Fighting
  3352 | D:4      | Reached skill level 6 in Maces & Flails
  3352 | D:4      | Reached skill level 5 in Armour
  3352 | D:4      | Reached XP level 8. HP: 30/49 MP: 8/8
  3649 | Temple   | Entered the Ecumenical Temple
  3756 | Temple   | Became a worshipper of Warmaster Okawaru
  3957 | D:5      | Entered Level 5 of the Dungeon
  3957 | D:5      | Found a glowing silver altar of Zin.
  4041 | D:5      | Noticed a hippogriff
  4049 | D:5      | Killed a hippogriff
  4049 | D:5      | Reached skill level 1 in Stealth
  4229 | D:5      | Reached skill level 7 in Maces & Flails
  4307 | D:5      | HP: 1/51 [ogre/giant club (9)]
  4334 | D:5      | Reached * piety under Okawaru
  4334 | D:5      | Slain by an ogre

Vault maps used:
D:1:      zaba_arrival_water, hangedman_decor_points
D:2:      first_bread, uniq_terence
D:3:      gup_sewer_entry_bowl, minmay_misc_feat_plants
D:4:      corexii_shack_village, minmay_temple_entry_purple_smoke, hex_large,
          kennysheep_potato, uniq_pikel
D:5:      basic_altar
Temple:   kilobyte_greek_temple
Sewer:    sewer_co_purgy_island

Skill      XL: |  1  2  3  4  5  6  7  8 |
---------------+-------------------------+-----
Shields        | 4 5 6 |  6.0
Fighting       | 4 5 |  5.7
Dodging        | 1 2 |  2.2
Maces & Flails | 3 4 6 7 |  7.1
Armour         | 4 5 |  5.2
Stealth        | 1 |  1.2

Action                   |  1- 3 |  4- 6 |  7- 9 || total
-------------------------+-------+-------+-------++-------
Melee: Flail             |   142 |   248 |       ||   390
       Morningstar       |       |    30 |   168 ||   198
  Use: Potion            |     3 |     2 |     5 ||    10
       Scroll            |     3 |     6 |     1 ||    10
 Stab: Distracted        |       |       |     1 ||     1
  Eat: Chunk             |     2 |     6 |     4 ||    12
Armor: Scale mail        |    59 |       |       ||    59
       Chain mail        |    28 |   131 |    86 ||   245
Dodge: Dodged            |    48 |    60 |    51 ||   159
Block: Shield            |    82 |   179 |   111 ||   372
